 Dungeon Crawl Stone Soup version 0.17-a0-1642-gd4b747b (webtiles) character file.

389 Murumi the Shield-Bearer (level 7, -1/54 HPs)
             Began as a Formicid Fighter on Aug 8, 2015.
             Slain by an ogre
             ... wielding a +0 giant spiked club
              (20 damage)
             ... on level 4 of the Dungeon.
             The game lasted 00:20:25 (4217 turns).

Murumi the Shield-Bearer (Formicid Fighter)         Turns: 4217, Time: 00:20:25

Health: -1/54      AC: 10    Str: 22    XL:     7   Next: 7%
Magic:  11/11      EV:  7    Int: 11    God:
Gold:   236        SH:  9    Dex: 10    Spells: 1 memorised, 11 levels left

rFire  . . .     SeeInvis +     a - +0 long sword
rCold  . . .     Clarity  .     q - +0 chain mail
rNeg   . . .     SustAt   .     c - +0 shield
rPois  .         Gourm    .     (helmet unavailable)
rElec  .         Spirit   .     b - +0 cloak
rCorr  .         Warding  .     (no gloves)
rMut   .         Stasis   +     (no boots)
MR     .....                    (no amulet)
Stlth  ..........               (no ring)
                                p - +3 ring of intelligence

@: not resistant to hostile enchantments, extremely unstealthy
A: permanent stasis, dig shafts and tunnels, four strong arms, antennae 3
a: Dig, Shaft Self


You were on level 4 of the Dungeon.
You were not hungry.

You visited 1 branch of the dungeon, and saw 5 of its levels.

You collected 236 gold pieces.

Inventory:

Hand weapons
 a - a +0 long sword (weapon)
Missiles
 j - 14 bolts of frost
 v - 9 bolts of flame
Armour
 b - a +0 cloak (worn)
 c - a +0 shield (worn)
 q - a +0 chain mail (worn)
Jewellery
 p - a +3 ring of intelligence (left hand)
Scrolls
 g - a scroll of remove curse
 o - a scroll of fear
Potions
 d - a potion of might
 f - 2 potions of cancellation
 h - a potion of brilliance {unknown}
 i - a potion of flight {unknown}
 l - a potion of lignification {unknown}
 m - a potion of curing
 n - 2 potions of heal wounds
 r - a potion of poison {unknown}
 s - a potion of ambrosia {unknown}
 t - a potion of haste {unknown}
Comestibles
 e - 4 bread rations
 k - a meat ration
 u - a chunk of flesh


   Skills:
 - Level 4.0 Fighting
 - Level 3.0 Long Blades
 + Level 3.8 Armour
 - Level 2.0 Dodging
 - Level 4.0 Shields
 - Level 3.1 Spellcasting
 - Level 3.2 Charms


You had 11 spell levels left.
You knew the following spells:

 Your Spells              Type           Power        Failure   Level  Hunger
a - Infusion              Chrm           #.....       99%         1    #......


Dungeon Overview and Level Annotations

Branches:
Dungeon (5/15)
 Temple: D:4-7

Altars:
Ashenzari
Cheibriados
Kikubaaqudgha
Nemelex Xobeh
Sif Muna
Trog
Vehumet
Xom

Annotations:
D:5 Eustachio, Grinder


Innate Abilities, Weirdness & Mutations

You are under a permanent stasis effect.
You can dig through walls and to a lower floor.
Your four strong arms can wield two-handed weapons with a shield.
You have a pair of large antennae on your head (SInv).


Message History

Grinder gestures.
Grinder blinks!
The ogre hits you with a giant spiked club!
You climb upwards.
There is a stone staircase leading down here.
You hit the ogre.
The ogre is lightly wounded.
You block the ogre's attack.
You slash the ogre!
The ogre is heavily wounded.
The ogre hits you with a giant spiked club!
You hit the ogre.
The ogre is severely wounded.
You block the ogre's attack.
You barely miss the ogre.
The ogre is severely wounded.
You hit the ogre but do no damage.
The ogre is severely wounded.
The ogre hits you with a giant spiked club!!
You die...

...(.### ##..###..## ##..###..
.......######.........####......#
........................##.....##
................................#
................................#
.................................
.................................
................................#
................@O...............
.................................
.................................
...............................##
........#......................##
......####....................###
....### ##...................#
..### ##..................# ..##
##.................##


You could see an ogre.

Vanquished Creatures
  A giant frog skeleton (D:4)
  2 orc priests
  3 orc wizards
  A centaur skeleton (D:4)
  A worker ant (D:4)
  6 adders
  An ooze (D:2)
  2 adder skeletons (D:4)
  A worm (D:2)
  3 giant geckos
  15 orcs
  3 giant cockroaches
  5 hobgoblins
  6 jackals
  4 bats
  8 giant newts
  10 goblins
  10 kobolds
  6 rats
88 creatures vanquished.

Notes
Turn   | Place    | Note
--------------------------------------------------------------
     0 | D:1      | Murumi the Formicid Fighter began the quest for the Orb.
     0 | D:1      | Reached XP level 1. HP: 18/18 MP: 1/1
   312 | D:1      | Reached skill level 4 in Shields
   493 | D:2      | Reached XP level 2. HP: 22/24 MP: 2/2
   566 | D:2      | Reached skill level 1 in Dodging
   618 | D:2      | Reached XP level 3. HP: 29/29 MP: 3/3
  1005 | D:2      | Reached XP level 4. HP: 37/37 MP: 4/4
  1136 | D:2      | Found an ancient bone altar of Kikubaaqudgha.
  1138 | D:2      | Found a deep blue altar of Sif Muna.
  1138 | D:2      | Found a radiant altar of Vehumet.
  1143 | D:2      | Identified Sif Muna's Incunabulum of Aid
  1151 | D:2      | Identified Kikubaaqudgha's Catalogue of Darkness
  1159 | D:2      | Identified Vehumet's Grimoire of Damage Dealing
  1182 | D:2      | Learned a level 1 spell: Infusion
  1328 | D:3      | Found a shimmering altar of Xom.
  1390 | D:3      | Reached skill level 1 in Spellcasting
  1653 | D:3      | Found a shattered altar of Ashenzari.
  1748 | D:3      | Reached XP level 5. HP: 14/42 MP: 6/6
  2600 | D:3      | Found a sparkling altar of Nemelex Xobeh.
  2691 | D:3      | Found a bloodstained altar of Trog.
  2868 | D:4      | Reached XP level 6. HP: 42/48 MP: 8/10
  3409 | D:4      | Found a snail-covered altar of Cheibriados.
  3984 | D:4      | Reached XP level 7. HP: 54/54 MP: 11/11
  4161 | D:5      | Entered Level 5 of the Dungeon
  4210 | D:5      | Noticed Grinder
  4212 | D:5      | Noticed Eustachio
  4217 | D:4      | Slain by an ogre

Vault maps used:
D:1:      onia_arrival_pyramid
D:2:      grunt_temple_overflow_magic_moments
D:3:      old_standard_altar, lemuel_coloured_pillars_altar,
          grunt_temple_overflow_open, serial_curves, eino_curves_04,
          eino_curves_03, grunt_ministairs_8, minmay_goblin_outpost
D:4:      cheibriados_altar_1, first_bread
D:5:      kennysheep_mini_moat, uniq_grinder, uniq_blork_the_orc, uniq_eustachio

Action                   |  1- 3 |  4- 6 |  7- 9 || total
-------------------------+-------+-------+-------++-------
Melee: Long sword        |    86 |   226 |    29 ||   341
       Unarmed           |       |    31 |       ||    31
 Abil: Dig               |     1 |     5 |       ||     6
  Use: Scroll            |     7 |     3 |       ||    10
       Potion            |       |     1 |       ||     1
  Eat: Chunk             |       |    11 |     1 ||    12
